 Dungeon Crawl Stone Soup version 0.17-a0-1197-g2d00c63 (webtiles) character file.

6443 Hanyuu the Martial Artist (level 10, 0/71 HPs)
             Began as an Octopode Transmuter on June 2, 2015.
             Was a Believer of Makhleb.
             Slain by an orc warrior
             ... wielding a +0 flail
              (17 damage)
             ... on level 9 of the Dungeon on June 3, 2015.
             The game lasted 00:37:08 (11635 turns).

Hanyuu the Martial Artist (Octopode Transmuter)    Turns: 11635, Time: 00:37:08

Health: 0/71       AC:  2    Str:  9    XL:     10   Next: 99%
Magic:  24/25      EV: 21    Int: 19    God:    Makhleb [**....]
Gold:   657        SH:  0    Dex: 18    Spells: 3 memorised, 11 levels left

rFire  + + .     SeeInvis .       - Unarmed
rCold  x x .     Clarity  .     (shield currently unavailable)
rNeg   + . .     SustAt   .     (helmet currently unavailable)
rPois  .         Gourm    .     U - amulet of warding
rElec  .         Spirit   .     y - ring of fire
rCorr  .         Warding  +     J - ring of magical power
rMut   .         Stasis   .     D - +1 ring of slaying
MR     .....                    V - ring of fire
Stlth  ++........               G - ring of poison resistance
                                (no ring)
                                (no ring)
                                (no ring)

@: spider-form, not resistant to hostile enchantments, unstealthy
A: almost no armour, amphibious, 8 rings, (constrict 8), (camouflage 0),
(gelatinous body 0)
a: End Transformation, Minor Destruction, Renounce Religion


You were on level 9 of the Dungeon.
You worshipped Makhleb.
Makhleb was pleased with you.
You were not hungry.
You were a venomous arachnid creature.
You visited 2 branches of the dungeon, and saw 10 of its levels.
You also visited: Ossuary.

You collected 657 gold pieces.

Inventory:

Hand weapons
 b - a +1 blowgun
Missiles
 c - 167 arrows
 e - 40 poisoned needles
 v - 5 javelins of penetration (quivered)
 H - 5 throwing nets
Magical staves
 K - a cursed staff of cold
Jewellery
 x - an uncursed amulet of stasis
 y - a ring of fire (left front leg)
 D - a +1 ring of slaying (on tentacle)
 G - a ring of poison resistance (on tentacle)
 J - a ring of magical power (right front leg)
 U - an amulet of warding (around neck)
 V - a ring of fire (on tentacle)
Magical devices
 u - a wand of lightning (11)
 A - a wand of enslavement (10)
 Q - a wand of digging (18)
 S - a wand of fire (9)
Scrolls
 d - 2 scrolls of enchant armour
 i - 4 scrolls of teleportation
 l - 3 scrolls of remove curse
 o - a scroll of recharging
 s - 3 scrolls of random uselessness
 M - 2 scrolls of fog
 N - a scroll of immolation {unknown}
 R - a scroll of blinking {unknown}
 T - a scroll of amnesia
Potions
 g - a potion of cure mutation
 h - a potion of heal wounds
 j - 2 potions of curing
 m - a potion of resistance
 n - 3 potions of magic
 p - a potion of degeneration {unknown}
 r - a potion of brilliance {unknown}
 t - a potion of lignification
 w - 2 potions of berserk rage
 C - 3 potions of might
 F - a potion of ambrosia
 I - a potion of haste {unknown}
 X - a potion of flight
 Z - a potion of agility
Books
 k - a book of Changes

   Spells                             Type                      Level
   a - Beastly Appendage              Transmutation                1
   b - Sticks to Snakes               Transmutation                2
   c - Spider Form                    Transmutation/Poison         3
   d - Ice Form                       Ice/Transmutation            4
   e - Blade Hands                    Transmutation                5
 L - a book of Unlife

   Spells                             Type                      Level
   a - Recall                         Summoning/Translocation      3
   b - Animate Dead                   Necromancy                   4
   c - Control Undead                 Necromancy                   4
   d - Cigotuvi's Embrace             Necromancy                   5
   e - Death Channel                  Necromancy                   6
   f - Simulacrum                     Ice/Necromancy               6
 O - a book of the Sky

   Spells                             Type                      Level
   a - Summon Lightning Spire         Summoning/Air                4
   b - Airstrike                      Air                          4
   c - Silence                        Hexes/Air                    5
   d - Deflect Missiles               Charms/Air                   6
   e - Conjure Ball Lightning         Conjuration/Air              6
   f - Tornado                        Air                          9
Comestibles
 a - 5 bread rations
 f - a beef jerky
 z - 11 royal jellies
 W - 2 fruits


   Skills:
 - Level 7.0 Fighting
 - Level 3.0 Dodging
 * Level 12.7 Unarmed Combat
 - Level 4.0 Spellcasting
 + Level 5.8 Transmutations
 - Level 2.1 Poison Magic


You had 11 spell levels left.
You knew the following spells:

 Your Spells              Type           Power        Failure   Level  Hunger
a - Beastly Appendage     Trmt           ####..       6%          1    None
b - Sticks to Snakes      Trmt           ####......   8%          2    ##.....
c - Spider Form           Trmt/Pois      ###.......   28%         3    ###....


Dungeon Overview and Level Annotations

Branches:
Dungeon (9/15)             Temple (1/1) D:7
   Lair: D:8-11         Orc: D:9-12

Altars:
Cheibriados
Dithmenos
Elyvilon
Makhleb
Okawaru
Qazlal
Ru
Trog
Vehumet
Zin


Innate Abilities, Weirdness & Mutations

You cannot wear most types of armour.
You are amphibious.
You can wear up to eight rings at the same time.
((You can use your tentacles to constrict eight enemies at once.))
((Your skin changes colour to match your surroundings (Stealth).))
((Your rubbery body absorbs attacks (AC +1).))


Message History

The orc wizard gestures wildly while chanting.
The orc wizard blinks!
You bite the orc warrior!
The orc warrior is heavily wounded.
The orc warrior completely misses you.
You closely miss the orc warrior.
The orc warrior is heavily wounded.
You completely miss the orc warrior.
The orc warrior is heavily wounded.
The orc wizard mumbles some strange words.
The orc wizard flickers and vanishes!
Deactivating autopickup; reactivate with Ctrl-A.
The orc warrior hits you with a flail!
* * * LOW HITPOINT WARNING * * *
You completely miss the orc warrior.
The orc warrior is heavily wounded.
You hear some strange, mumbled words.
You feel a wave of unholy energy pass over you.
The orc warrior hits you with a flail!
You die...

†#####...'........###..##.......#
.'..>..###........'...###.......#
.####### #......).##### #.......#
## #####...## #####+###
######.### #.# #.......## #.#
#........# #.# ########)# #.# #s#
#.# #o# #.# o{# ##.# ..o# #..#
...## ##.## ...# #..# ##8# #)##
##### ### ## #.# ....# ##.# #.#


You could see an orc warrior, an orc wizard and an orc.

Vanquished Creatures
  Joseph (D:7)
  A gargoyle (D:9)
  2 wraiths (Ossuary)
  3 hippogriffs
  Eustachio (D:4)
  A water moccasin (D:9)
  2 hungry ghosts
  A soldier ant (D:8)
  A wasp (D:8)
  4 ogres
  A black bear (D:5)
  4 ice beasts
  A phantom (D:9)
  A necrophage (D:8)
  2 orc warriors (D:9)
  3 centaurs
  A crocodile (D:9)
  2 giant frogs
  A brain worm (D:8)
  A wyvern skeleton (D:8)
  3 gnoll sergeants (D:6)
  6 killer bees (D:9)
  3 wights (Ossuary)
  2 centaur zombies
  3 crimson imps
  9 hounds
  6 orc priests
  Crazy Yiuf (D:3)
  2 giant frog zombies
  10 orc wizards
  3 iguanas
  7 jellies
  Jessica (D:2)
  3 gnoll shamans (D:6)
  11 worker ants
  2 giant frog skeletons
  16 gnolls
  7 adders
  2 adder zombies
  A worm (D:5)
  An adder skeleton (D:8)
  3 giant geckos
  39 orcs
  A ball python (D:1)
  2 giant cockroaches
  15 hobgoblins
  10 jackals
  14 kobolds
  4 quokkas
  A ball python skeleton (Ossuary)
  12 bats
  5 giant newts
  15 goblins
  A hobgoblin skeleton (Ossuary)
  2 hobgoblin zombies (Ossuary)
  2 orc zombies (Ossuary)
  2 quokka skeletons
  15 rats
  A rat zombie (D:6)
277 creatures vanquished.

Notes
Turn   | Place    | Note
--------------------------------------------------------------
     0 | D:1      | Hanyuu the Octopode Transmuter began the quest for the Orb.
     0 | D:1      | Reached XP level 1. HP: 13/13 MP: 3/3
   187 | D:1      | Reached XP level 2. HP: 11/18 MP: 5/5
   732 | D:2      | Noticed Jessica
   752 | D:2      | Reached skill level 4 in Unarmed Combat
   777 | D:2      | Reached XP level 3. HP: 11/23 MP: 6/6
   781 | D:2      | Learned a level 2 spell: Sticks to Snakes
   785 | D:2      | Learned a level 3 spell: Spider Form
  1475 | D:2      | Killed Jessica
  1475 | D:2      | Reached skill level 1 in Poison Magic
  1475 | D:2      | Reached XP level 4. HP: 24/28 MP: 0/7
  2366 | D:3      | Found a snail-covered altar of Cheibriados.
  2519 | D:3      | Noticed Crazy Yiuf
  2578 | D:3      | Killed Crazy Yiuf
  2578 | D:3      | Reached skill level 5 in Unarmed Combat
  2578 | D:3      | Reached XP level 5. HP: 33/33 MP: 4/8
  2707 | D:3      | Found a stormy altar of Qazlal.
  2806 | D:4      | Noticed an ogre
  2822 | D:4      | Killed an ogre
  2822 | D:4      | Reached XP level 6. HP: 38/41 MP: 6/9
  2891 | D:4      | Found a white marble altar of Elyvilon.
  3111 | D:4      | Noticed Eustachio
  3128 | D:4      | Killed Eustachio
  3128 | D:4      | Reached skill level 6 in Unarmed Combat
  3128 | D:4      | Reached XP level 7. HP: 21/46 MP: 7/10
  3485 | D:4      | Noticed an ogre
  3487 | D:4      | Noticed a centaur
  3500 | D:4      | Killed an ogre
  4060 | D:4      | Killed a centaur
  4060 | D:4      | Reached skill level 7 in Unarmed Combat
  4233 | D:5      | Entered Level 5 of the Dungeon
  4402 | D:5      | Reached XP level 8. HP: 39/52 MP: 9/11
  4437 | D:5      | Found a glowing silver altar of Zin.
  4511 | D:5      | Reached skill level 8 in Unarmed Combat
  5422 | D:6      | Found a sand-covered staircase.
  5430 | Ossuary  | Entered an ossuary
  5701 | Ossuary  | Noticed a flying skull
  5710 | Ossuary  | Noticed a flying skull
  5711 | Ossuary  | Noticed a flying skull
  5712 | Ossuary  | Noticed a flying skull
  5764 | Ossuary  | Noticed a flying skull
  5800 | Ossuary  | Reached skill level 9 in Unarmed Combat
  5820 | Ossuary  | Reached XP level 9. HP: 13/59 MP: 10/13
  7033 | D:6      | Reached skill level 5 in Fighting
  7660 | D:6      | Reached skill level 10 in Unarmed Combat
  8031 | D:7      | Found a staircase to the Ecumenical Temple.
  8053 | Temple   | Entered the Ecumenical Temple
  8139 | Temple   | Became a worshipper of Makhleb the Destroyer
  8474 | D:7      | Noticed Joseph
  8492 | D:7      | Killed Joseph
  9089 | D:8      | Found a radiant altar of Vehumet.
  9238 | D:8      | Reached skill level 11 in Unarmed Combat
  9238 | D:8      | Reached XP level 10. HP: 61/68 MP: 16/16
  9262 | D:8      | Identified a scroll of acquirement
  9472 | D:8      | Acquired Makhleb's first power
 10163 | D:9      | Reached skill level 12 in Unarmed Combat
 10489 | D:9      | Acquired Makhleb's second power
 10656 | D:9      | Reached skill level 5 in Transmutations
 11635 | D:9      | Slain by an orc warrior

Vault maps used:
D:1:      sevenhm_arrival_forest_fort_small_6
D:2:      serial_bayou_lagoon_a, uniq_jessica
D:3:      overflow_temple_1_default, nicolae_overflow_hidden_temple,
          lemuel_crystal_altar, uniq_crazy_yiuf_cottage
D:4:      kennysheep_little_box, first_bread, uniq_eustachio
D:5:      black_bear_nest_2, kennysheep_mini_moat
D:6:      enter_ossuary_3, serial_gnoll_camp, gnoll_camp_mini_loothouse,
          gnoll_camp_mini_sergeant, gnoll_camp_medium_01, gnoll_camp_mini_hut,
          gnoll_camp_mini_hut, gnoll_camp_mini_house
D:7:      minmay_temple_entry_large_hall, uniq_joseph
D:8:      kennysheep_mini, hangedman_pestilent_swarm, minmay_misc_feat_chi
D:9:      david_orc_4
Temple:   nicolae_temple_figure_eight
Ossuary:  ossuary_due_cavern

Action                   |  1- 3 |  4- 6 |  7- 9 | 10-12 || total
-------------------------+-------+-------+-------+-------++-------
Melee: Unarmed           |    80 |    98 |   370 |   229 ||   777
 Fire: Blowgun           |       |       |       |     9 ||     9
Throw: Javelin           |       |       |     1 |       ||     1
 Cast: Beastly Appendage |     5 |     7 |     5 |     1 ||    18
       Spider Form       |     1 |     4 |    31 |    25 ||    61
 Abil: End Transformatio |       |       |     3 |     1 ||     4
  Use: Scroll            |       |       |    13 |     9 ||    22
       Potion            |       |       |     3 |     2 ||     5
 Stab: Sleeping          |     5 |     5 |    11 |     2 ||    23
  Eat: Chunk             |     2 |     6 |    17 |     9 ||    34
       Pizza             |       |       |     2 |       ||     2
       Beef jerky        |       |       |     1 |       ||     1
       Fruit             |       |       |       |     4 ||     4
